Map: 블루시프트 - 래더

Players

FanTaSy - Winner!

  • Race: Terran Terran
  • League: Grandmaster
  • Spawn Location: 1:00

Stats

  • Race: Protoss Protoss
  • League: Grandmaster
  • Spawn Location: 7:00

Event: IEM Season 13 - Katowice Server Qualifiers Asia 2

VOD

Have the link to the VOD?

Description

Time

  • Played on: Jan. 22, 2019, 4:30 a.m.
  • Length: 4:00

All games in this series

Show
View Real Time Build Order
Export as new Build Order

FanTaSy Terran - Winner!

Build Orders: Cyclone Opening 

Get SALT Encoding   

  12  0:00  SCV  
  13  0:12  SCV  
  14  0:18  Supply Depot  
  14  0:25  SCV  
  15  0:40  Barracks, SCV  
  16  0:46  Refinery  
  16  0:52  SCV  
  17  0:57  Refinery  
  17  1:04  SCV  
  18  1:16  SCV  
  19  1:28  Reaper, Orbital Command  
  20  1:48  Factory  
  20  1:54  SCV, Supply Depot  
  20  1:57  Bunker  
  21  2:01  Marine  
  21  2:06  SCV  
  23  2:19  Marine  
  23  2:22  SCV  
  25  2:31  Factory Tech Lab  
  25  2:37  Marine  
  25  2:40  SCV  
  25  2:43  Starport  
  27  2:47  Supply Depot  
  27  2:50  Cyclone  
  30  3:00  SCV  
  32  3:12  SCV  
  32  3:14  Supply Depot  
  32  3:25  SCV, Cyclone  
  36  3:27  Starport Tech Lab  
  36  3:39  SCV  
Show
View Real Time Build Order
Export as new Build Order

Stats Protoss 

Build Orders: 1 Gate Expand 

Get SALT Encoding   

  12  0:00  Probe  
  13  0:13  Probe  
  14  0:17  Pylon  
  14  0:24  Probe  
  15  0:32  Probe  
  15  0:40  Probe, Gateway  
  16  0:46  Assimilator  
  17  0:51  Probe  
  18  1:03  Probe  
  19  1:15  Probe  
  20  1:22  Nexus  
  20  1:32  Cybernetics Core  
  20  1:36  Probe  
  21  1:40  Assimilator  
  21  1:48  Probe  
  21  1:50  Pylon  
  22  1:59  Adept  
  22  2:00  Probe  
  25  2:12  Probe  
  24  2:24  Probe  
  24  2:25  Stargate  
  24  2:28  Stalker  
  26  2:37  Probe  
  26  2:42  Probe  
  28  2:49  Stalker  
  28  2:53  Probe  
  28  2:54  Probe  
  32  3:06  Probe  
  32  3:07  Probe  
  32  3:11  Stalker  
  39  3:38  Probe x2  

Tags
 
Add a new tag
Caveats
  • Supply blocks, unpowered buildings, or Contaminate may cause inaccurate times.
  • Supply counts are checked every 10 seconds.